 Dungeon Crawl Stone Soup version 0.30.0-15-g856e2d3f33 (webtiles) character file.

Game seed: 16349384198236480098

375 jtron the Caller (level 6, 0/33 (34) HPs)
             Began as a Tengu Summoner on May 19, 2023.
             Slain by a wight
             ... wielding a +2 short sword
              (1 damage)
             ... on level 4 of the Dungeon.
             The game lasted 00:13:42 (3561 turns).

jtron the Caller (Tengu Summoner)                   Turns: 3561, Time: 00:13:43

HP:   0/33 (34)     AC:  3    Str:  8    XL:     6   Next: 73%
MP:   5/12          EV: 15    Int: 23    God:
Gold: 168           SH:  0    Dex: 15    Spells: 4/12 levels left

rFire   . . .        c - +0 long sword
rCold   . . .        (no shield)
rNeg    . . .        a - +0 robe
rPois   .            (helmet restricted)
rElec   .            u - +0 cloak
rCorr   .            (no gloves)
SInv    .            (boots unavailable)
Will    .....        (no amulet)
Stlth   ++           s - +6 ring of intelligence
HPRegen 0.25/turn    (no ring)
MPRegen 0.13/turn

%: no passive effects
@: flying quickly and evasively, lightly drained, quick
A: beak, talons 3, nimble flight
a: no special abilities


You were on level 4 of the Dungeon.
You visited 1 branch of the dungeon, and saw 4 of its levels.

You collected 168 gold pieces.

Inventory:

Hand Weapons
 b - a +0 sling
 c - a +0 long sword (weapon)
Missiles
 o - 33 stones (quivered)
 x - 4 poisoned darts
Armour
 a - a +0 robe (worn)
 u - a +0 cloak (worn)
Jewellery
 s - a +6 ring of intelligence (left hand)
Wands
 y - a wand of charming (6)
Scrolls
 e - a scroll of immolation
 h - a scroll of blinking
 i - 3 scrolls of vulnerability
 m - a scroll of amnesia
 A - a scroll of identify
Potions
 f - 2 potions of lignification {unknown}
 g - 2 potions of degeneration {unknown}
 j - a potion of haste {unknown}
 k - 2 potions of curing
 l - 2 potions of flight
 n - a potion of cancellation
 p - a potion of brilliance {unknown}
 q - a potion of magic
 r - a potion of might {unknown}
 t - a potion of resistance {unknown}
 v - a potion of invisibility


   Skills:
 + Level 1.2 Fighting
 + Level 2.0 Long Blades
 + Level 2.8 Dodging
 + Level 2.9 Stealth
 + Level 3.5 Spellcasting
 + Level 6.4 Summonings
 + Level 3.1 Air Magic


You had 4 spell levels left.
You knew the following spells:

 Your Spells              Type           Power      Damage    Failure   Level
a - Summon Small Mammal   Summ           100%       N/A       1%          1
b - Call Canine Familiar  Summ           33%        N/A       2%          3
c - Summon Lightning Spi  Summ/Air       26%        N/A       16%         4

Your spell library contained the following spells:

 Spells                   Type           Power      Damage    Failure   Level
 Call Imp                 Summ           66%        N/A       1%          2
 Summon Guardian Golem    Hex/Summ       18%        N/A       9%          3
 Beastly Appendage        Tmut           8%         N/A       11%         1
 Wereblood                Tmut           4%         N/A       17%         2
 Spider Form              Tmut/Pois      4%         N/A       32%         3


Dungeon Overview and Level Annotations

Branches:
Dungeon (4/15)             Temple (0/1) D:4

Altars:

Shops:
D:2 *[=


Innate Abilities, Weirdness & Mutations

You have a beak for a mouth.
You have claws for feet.
Your magical nature lets you fly swiftly and evasively.


Message History

You slash the wight!
The wight is severely damaged.
Your wolf closely misses the wight.
The wight hits your lightning spire but does no damage.
The wight hits you with a +5 dagger!
Your wolf barely misses the wight.
You closely miss the wight. You peck the wight. Your punch misses the wight.
The wight is severely damaged.
Your wolf closely misses the wight.
The wight hits your lightning spire but does no damage.
The wight hits you with a +5 dagger.
Your wolf bites the wight.
The wight hits you with a +5 dagger.
The wight hits your lightning spire with a +2 short sword!
Your lightning spire is destroyed!
Your lightning spire disappears in a puff of smoke!
Casting: Summon Lightning Spire (quite dangerous; 16% risk of failure)
Confirm with . or Enter, or press ? or * to list all spells.
The spell is quite dangerous to miscast (16% risk of failure)!
Continue anyway?
An electric hum fills the air.
Your wolf barely misses the wight.
Your wolf misses the wight. The wight misses you.
You barely miss the wight. Your kick misses the wight.
You peck the wight, but do no damage.
The wight is almost destroyed.
Your wolf barely misses the wight.
Your wolf closely misses the wight.
The wight closely misses you.
The wight hits you with a +2 short sword.
* * * LOW HITPOINT WARNING * * *
Your wolf closely misses the wight.
You hit the wight but do no damage. You claw the wight.
The wight is almost destroyed.
Your wolf bites the wight.
The wight is destroyed!
The wight hits you with a +2 short sword.
* * * LOW HITPOINT WARNING * * *
Your Long Blades skill increases to level 2!
You swap places.
Your wolf bites the wight but does no damage.
The wight hits you with a +2 short sword.
* * * LOW HITPOINT WARNING * * *
You feel drained.
You die...

...bb#.# #.#.#
.......#.# ###.#.#
.....b.#.# #...#.#
####.###.###.###.#
#. #.........#
#.........#
#.###.##.## #.#
#.##.### ..#
#...)@h# ##...#z#
.f.....8...
.......#.###
#####.##.# ## #.#
#.# #.#


You could see a sleepcap, a wight (ally target) and a friendly wolf (summoned).

Vanquished Creatures
  2 orc wizards (D:4)
  A gnoll (D:2)
  An orc (D:4)
  3 ball pythons
  7 endoplasms
  2 goblins
  5 hobgoblins
  4 jackals (D:1)
  A quokka (D:1)
  6 bats
  A frilled lizard (D:1)
  3 kobolds
36 creatures vanquished.

Vanquished Creatures (collateral kills)
  2 wights (D:4)
  A hound (D:4)
  An iguana (D:4)
  2 gnolls (D:2)
  3 adders
  3 worms
  6 dart slugs
  5 orcs (D:4)
  2 giant cockroaches
  6 hobgoblins
  4 jackals
  4 kobolds
  2 quokkas
  3 ball pythons
  2 bats (D:2)
  A frilled lizard (D:2)
  4 goblins
  A rat (D:2)
52 creatures vanquished.

Grand Total: 88 creatures vanquished

Notes
Turn   | Place    | Note
-------+----------+-------------------------------------------
     0 | D:1      | jtron the Tengu Summoner began the quest for the Orb.
     0 | D:1      | Reached XP level 1. HP: 10/10 MP: 4/4
    38 | D:1      | Reached skill level 5 in Summonings
    71 | D:1      | Reached XP level 2. HP: 15/15 MP: 3/6
   519 | D:1      | Reached XP level 3. HP: 19/19 MP: 7/7
   897 | D:1      | Learned a level 3 spell: Call Canine Familiar
  1301 | D:2      | Reached XP level 4. HP: 3/24 MP: 1/8
  1303 | D:2      | Reached skill level 1 in Long Blades
  1307 | D:2      | Reached skill level 1 in Air Magic
  1398 | D:2      | Learned a level 4 spell: Summon Lightning Spire
  1409 | D:2      | Found Gaushri's Antique Armour Shop.
  1643 | D:2      | Found Ryics's Assorted Antiques.
  1797 | D:2      | Found Maluit's Jewellery Shop.
  1923 | D:2      | Gained mutation: Your magical nature lets you fly swiftly
                  | and evasively. [Tengu growth]
  1923 | D:2      | Reached XP level 5. HP: 28/28 MP: 4/10
  2819 | D:4      | Reached skill level 6 in Summonings
  2986 | D:4      | Found a staircase to the Ecumenical Temple.
  3035 | D:4      | Reached skill level 1 in Fighting
  3047 | D:4      | Reached XP level 6. HP: 8/34 MP: 7/11
  3561 | D:4      | HP: 1/34 [wight/+2 short sword (2)]
  3561 | D:4      | Slain by a wight

Illustrated notes

Levels and vault maps discovered:
D:1:      dpeg_arrival_rhombi, layout_loops_ring, nicolae_figureground_pulse
D:2:      layout_basic, serial_shops, shop, shop, shop, hex_intersection,
          bh_walls_and_bars
D:3:      layout_loops_ring
D:4:      layout_loops_corners, temple_doors_ab, serial_shops,
          nicolae_diamond_shop, dreamdust_princess_corridor,
          amcnicky_mini_corridor_feature

Skill      XL: |  1  2  3  4  5  6 |
---------------+-------------------+-----
Summonings     | 5 6 |  6.4
Long Blades    | 1 2 |  2.0
Air Magic      | 1 2 3 |  3.1
Spellcasting   | 3 |  3.5
Fighting       | 1 |  1.2
Dodging        | |  2.8
Stealth        | |  2.9

Action                     |  1- 3 |  4- 6 || total
---------------------------+-------+-------++-------
  Melee: Long sword        |    51 |    56 ||   107
         Kick              |     8 |    11 ||    19
         Peck              |     6 |    12 ||    18
   Cast: Summon Small Mamm |    34 |    21 ||    55
         Call Canine Famil |     2 |    13 ||    15
         Summon Lightning  |       |     2 ||     2
    Use: Potion            |       |     3 ||     3
         Scroll            |       |    11 ||    11
   Stab: Sleeping          |     2 |     2 ||     4
         Distracted        |     1 |     1 ||     2
 Armour: Robe              |    21 |     6 ||    27
  Dodge: Dodged            |    62 |    55 ||   117
